 Dungeon Crawl Stone Soup version 0.25-a0-178-gc9f82b1288 (webtiles) character file.

Game seed: 14117793630682935863, levelgen mode: deterministic

149 vurker the Magician (level 5, -4/29 HPs)
             Began as a Deep Elf Wizard on Nov 26, 2019.
             Killed from afar by Sigmund (5 damage)
             ... with a magic dart
             ... on level 3 of the Dungeon.
             The game lasted 00:06:08 (3175 turns).

vurker the Magician (Deep Elf Wizard)               Turns: 3175, Time: 00:06:08

Health: -4/29      AC:  8    Str:  4    XL:     5   Next: 9%
Magic:  13/15      EV: 12    Int: 24    God:
Gold:   91         SH:  0    Dex: 11    Spells: 4/15 levels left

rFire    . . .     SeeInvis .   d - +1 short sword (protect)
rCold    . . .     Gourm    .   (no shield)
rNeg     . . .     Faith    .   a - +0 robe
rPois    .         Spirit   .   b - +0 hat
rElec    .         Reflect  .   (no cloak)
rCorr    .         Harm     .   (no gloves)
MR       .....                  (no boots)
Stlth    ++........             n - amulet of rage
HPRegen  0.09/turn              k - +6 ring of protection
MPRegen  0.14/turn              s - -2 ring of dexterity (curse)

@: no status effects
A: no striking features
a: Evoke Berserk Rage


You were on level 3 of the Dungeon.
You were not hungry.

You visited 1 branch of the dungeon, and saw 3 of its levels.
You also visited: Sewer.

You collected 91 gold pieces.

Inventory:

Hand Weapons
 d - a +1 short sword of protection (weapon)
   (You found it on level 1 of the Dungeon)
Armour
 a - a +0 robe (worn)
 b - a +0 hat (worn)
 w - a +1 leather armour of fire resistance
   (You took it off an orc on level 3 of the Dungeon)
Jewellery
 k - a +6 ring of protection (left hand)
   (You found it on level 1 of the Dungeon)
 n - an amulet of rage (around neck)
   (You found it on level 2 of the Dungeon)
 s - a cursed -2 ring of dexterity (right hand)
   (You found it on level 2 of the Dungeon)
Scrolls
 f - 4 scrolls of identify {unknown}
 i - a scroll of enchant armour {unknown}
 j - a scroll of remove curse {unknown}
 o - a scroll of noise {unknown}
 p - 2 scrolls of teleportation {unknown}
 q - a scroll of fog {unknown}
 r - a scroll of amnesia {unknown}
 t - a scroll of magic mapping {unknown}
Potions
 c - a potion of haste {unknown}
 g - a potion of mutation {unknown}
 h - 2 potions of flight {unknown}
 l - 3 potions of curing {unknown}
 m - a potion of might {unknown}
 u - a potion of heal wounds {unknown}
Comestibles
 e - 8 rations
 v - a chunk of flesh


   Skills:
 + Level 1.2 Fighting
 - Level 2.4 Dodging
 - Level 2.4 Stealth
 * Level 5.6 Spellcasting
 * Level 3.2 Conjurations
 + Level 1.9 Summonings
 - Level 1.1 Translocations
 + Level 1.0 Fire Magic
 + Level 0.9 Poison Magic


You had 4 spell levels left.
You knew the following spells:

 Your Spells              Type           Power        Failure   Level  Hunger
a - Magic Dart            Conj           ###.         2%          1    None
b - Call Imp              Summ           ###.....     6%          2    None
c - Conjure Flame         Conj/Fire      ###.....     11%         3    #......
w - Blink                 Tloc           N/A          8%          2    None
x - Mephitic Cloud        Conj/Pois/Air  ##......     14%         3    #......

Your spell library contained the following spells:

 Spells                   Type           Power        Failure   Level  Hunger
 Summon Small Mammal      Summ           ###.         3%          1    None
 Apportation              Tloc           ##....       5%          1    None
 Animate Skeleton         Necr           N/A          9%          1    None
 Confusing Touch          Hex            #.....       9%          1    None
 Slow                     Hex            #.......     13%         2    None


Dungeon Overview and Level Annotations

Branches:
Dungeon (3/15)              Sewer (visited)

Altars:

Annotations:
D:3 Sigmund


Message History

Retreat in which direction?
Fall back!
You swap places.
You swap places.
Sigmund shouts!
What are your orders? t - Shout!
Orders for allies: a - Attack new target. r - Retreat! s - Stop attacking. g - Guard the area. f - Follow me.
Anything else - Cancel.
Gang up on whom?
Aim: Sigmund, wielding a +0 scythe and wearing a +0 robe Attack!
Sigmund points at you and mumbles some strange words.
Your white imp appears confused.
Your white imp closely misses Sigmund.
Your shadow imp misses Sigmund.
Sigmund hits your white imp but does no damage.
Your white imp closely misses Sigmund.
Your shadow imp hits Sigmund but does no damage.
Your white imp hits Sigmund.
Your white imp freezes Sigmund.
Sigmund gestures wildly while chanting.
Sigmund flickers and vanishes!
Deactivating autopickup; reactivate with Ctrl-A.
Your shadow imp closely misses something.
Your white imp closely misses something.
Something hits you!
Your shadow imp completely misses something.
You can't see any susceptible monsters within range! (Use Z to cast anyway.)
You miss something.
Your white imp barely misses something.
You hear some strange, mumbled words.
A puff of flame appears from out of thin air!
The puff of flame hits you.
* * * LOW HITPOINT WARNING * * *
Your shadow imp misses something.
The magic dart hits something but does no damage.
Something hits you.
* * * LOW HITPOINT WARNING * * *
Your shadow imp hits something.
Your white imp misses something.
Your shadow imp hits something.
A magic dart appears from out of thin air!
The magic dart hits you!
* * * LOW HITPOINT WARNING * * *
Your shadow imp hits something but does no damage.
A giant cockroach comes into view.
Your shadow imp gestures at something.
Something writhes in agony.
A magic dart appears from out of thin air!
The magic dart hits you.
You die...

.###........#
#...........#.....
.# #........## #5#
###### .#
#..(......# #5# .#
#########.###.# .#
#..##{# ## ##.##.#
# #..#.# # ##.#.#
# #.#@#### #
#......# #......#
#....s.# ##.....#
#.....# ##.#....
.>#..... ##.....


You could see a giant cockroach, a friendly white imp and a friendly shadow imp.

Vanquished Creatures
  A river rat (Sewer)
  An ooze (D:2)
  A worm (D:2)
  2 dart slugs
  3 leopard geckos
  7 orcs
  7 bats
  6 giant cockroaches
  5 goblins
  5 hobgoblins
  A quokka (D:3)
  A ball python (D:2)
  4 frilled lizards
  3 kobolds
  4 rats
51 creatures vanquished.

Vanquished Creatures (collateral kills)
  A big kobold (Sewer)
  An adder (D:2)
  A river rat (Sewer)
  A worm (D:2)
  A kobold (Sewer)
  A rat (Sewer)
6 creatures vanquished.

Vanquished Creatures (others)
  4 toadstools (D:1)
4 creatures vanquished.

Grand Total: 61 creatures vanquished

Notes
Turn   | Place    | Note
-------+----------+-------------------------------------------
     0 | D:1      | vurker the Deep Elf Wizard began the quest for the Orb.
     0 | D:1      | Reached XP level 1. HP: 10/10 MP: 7/7
   350 | D:1      | Reached XP level 2. HP: 16/16 MP: 6/9
  1104 | D:2      | Learned a level 2 spell: Call Imp
  1164 | D:2      | Reached skill level 5 in Spellcasting
  1260 | D:2      | Reached XP level 3. HP: 20/20 MP: 6/11
  2048 | D:2      | Reached skill level 1 in Fighting
  2151 | D:2      | Learned a level 3 spell: Conjure Flame
  2155 | D:2      | Learned a level 3 spell: Mephitic Cloud
  2158 | D:2      | Learned a level 2 spell: Blink
  2464 | D:3      | Found a glowing drain.
  2532 | Sewer    | Entered a sewer
  2543 | Sewer    | Reached XP level 4. HP: 25/25 MP: 9/13
  2666 | Sewer    | Noticed a big kobold
  2676 | Sewer    | Killed a big kobold
  2767 | Sewer    | Found a white marble altar of Elyvilon.
  2872 | D:3      | Reached XP level 5. HP: 29/29 MP: 6/15
  2875 | D:3      | Reached skill level 1 in Fire Magic
  3146 | D:3      | Noticed Sigmund
  3172 | D:3      | HP: 1/29 [something/magic dart (8)]
  3175 | D:3      | Killed from afar by Sigmund

Levels and vault maps discovered:
D:1:      ldierk_walled_garden_2, layout_basic, chequers_serial_rivers_micro_d,
          minivault_4
D:2:      layout_loops_corners, first_ration
D:3:      layout_basic, portal_sewer_entry_f, serial_bayou_pond_c,
          corner_web_ring, uniq_sigmund

Skill      XL: |  1  2  3  4  5 |
---------------+----------------+-----
Conjurations   | 2 3 |  3.2
Spellcasting   | 5 |  5.6
Fighting       | 1 |  1.2
Fire Magic     | 1 |  1.0
Dodging        | |  2.4
Stealth        | |  2.4
Summonings     | |  1.9
Translocations | |  1.1
Poison Magic   | |  0.9

Action                   |  1- 3 |  4- 6 || total
-------------------------+-------+-------++-------
Melee: Short sword       |    10 |     1 ||    11
 Cast: Magic Dart        |    99 |    44 ||   143
       Call Imp          |     7 |     3 ||    10
  Eat: Chunk             |     5 |     2 ||     7
Armor: Robe              |    11 |     5 ||    16
Dodge: Dodged            |    27 |     6 ||    33

Table legend:
 A = Non-vault XP
 B = Vault XP
 C = Vault XP percentage of total XP
 D = Non-vault monster count
 E = Vault monster count
 F = Vault count percentage of total count
                 A         B        C        D         E       F
            +---------+---------+-------+---------+---------+-------
      Total |     107 |     107 |  50.0 |      44 |      13 |  22.8
            +---------+---------+-------+---------+---------+-------
        D:1 |      26 |       0 |   0.0 |      14 |       0 |   0.0
        D:2 |      54 |       0 |   0.0 |      19 |       0 |   0.0
        D:3 |      27 |      12 |  30.8 |      11 |       5 |  31.2
      Sewer |       0 |      95 | 100.0 |       0 |       8 | 100.0
            +---------+---------+-------+---------+---------+-------
